 Dungeon Crawl Stone Soup version 0.32-a0-411-g744942f433 (webtiles) character file.

Game seed: 11530291817935637096

368 greenreed the Magician (level 6, -1/28 HPs)
             Began as a Spriggan Alchemist on Feb 20, 2024.
             Slain by a crocodile zombie (6 damage)
             ... in an ossuary.
             The game lasted 00:08:43 (3424 turns).

greenreed the Magician (Spriggan Alchemist)         Turns: 3424, Time: 00:08:44

Health: -1/28      AC:  2    Str:  4    XL:     6   Next: 41%
Magic:  1/15       EV: 19    Int: 18    God:
Gold:   121        SH:  0    Dex: 16    Spells: 13/16 levels left

rFire   . . .        z - +0 dagger
rCold   + . .        (no shield)
rNeg    . . .        a - +0 robe
rPois   .            (helmet restricted)
rElec   .            (no cloak)
rCorr   .            (gloves unavailable)
SInv    +            (boots unavailable)
Will    +....        (no amulet)
Stlth   ++           l - ring of protection from cold
HPRegen 0.24/turn    (no ring)
MPRegen 0.14/turn

%: no passive effects
@: very quick
A: very small, no large weapons, unfitting armour, see invisible, speed 3
a: no special abilities


You were in an ossuary.
You visited 1 branch of the dungeon, and saw 4 of its levels.
You also visited: Ossuary.

You collected 121 gold pieces.

Inventory:

Hand Weapons
 z - a +0 dagger (weapon)
Missiles
 f - 5 datura-tipped darts
Armour
 a - a +0 robe (worn)
Magical Staves
 s - a staff of conjuration
Jewellery
 l - a ring of protection from cold (left hand)
 x - a ring of resist corrosion
Wands
 v - a wand of mindburst (12)
Scrolls
 c - 3 scrolls of vulnerability {unknown}
 e - 5 scrolls of identify {unknown}
 h - a scroll of brand weapon {unknown}
 j - 2 scrolls of immolation {unknown}
 k - a scroll of silence {unknown}
 o - 2 scrolls of enchant weapon {unknown}
 r - a scroll of amnesia {unknown}
 t - a scroll of noise {unknown}
 u - a scroll of teleportation {unknown}
 w - a scroll of fear {unknown}
 y - a scroll of blinking {unknown}
Potions
 b - 2 potions of magic
 d - a potion of enlightenment {unknown}
 g - a potion of mutation {unknown}
 i - a potion of haste {unknown}
 n - a potion of might {unknown}
 p - a potion of ambrosia {unknown}
 q - a potion of lignification {unknown}


   Skills:
 + Level 4.6 Dodging
 - Level 3.0 Stealth
 * Level 5.7 Spellcasting
 + Level 2.1 Conjurations
 + Level 4.6 Alchemy


You had 13 spell levels left.
You knew the following spells:

 Your Spells              Type           Power      Damage    Failure   Level
a - Sting                 Conj/Alch      68%        1d7       3%          1
b - Mercury Vapours       Alch/Air       26%        N/A       8%          2

Your spell library contained the following spells:

 Spells                   Type           Power      Damage    Failure   Level
 Mephitic Cloud           Conj/Alch/Air  13%        N/A       14%         3
 Call Imp                 Summ           10%        N/A       19%         2
 Sublimation of Blood     Necr           5%         N/A       19%         2
 Olgreb's Toxic Radiance  Alch           21%        N/A       19%         4
 Sticky Flame             Fire/Alch      13%        2d5       43%         4
 Summon Hydra             Summ           2%         N/A       100%        7


Dungeon Overview and Level Annotations

Branches:
Dungeon (4/15)            Ossuary (1/1)
 Temple: D:4-7

Altars:

Annotations:
D:3 2 transporters, adelrune's ghost, amateur CoHs


Innate Abilities, Weirdness & Mutations

You are very small and have problems with some larger weapons.
You are too small for most types of armour.
You have supernaturally acute eyesight. (SInv)
You cover ground extremely quickly. (Speed+++)


Message History

Confirm with . or Enter, or press ? or * to list all spells.
Aiming: Sting (safe; 3% risk of failure)
Press: ? - help, Shift-Dir - straight line, f/p - water moccasin zombie
Aim: a water moccasin zombie (almost destroyed, 74% to hit)
The sting hits the water moccasin zombie.
The water moccasin zombie partially resists.
You destroy the water moccasin zombie!
Unknown command.
Casting: Sting (safe; 3% risk of failure)
Confirm with . or Enter, or press ? or * to list all spells.
Aiming: Sting (safe; 3% risk of failure)
Press: ? - help, Shift-Dir - straight line, f - crocodile zombie
Aim: a crocodile zombie (lightly damaged, 84% to hit)
The sting hits the crocodile zombie.
The crocodile zombie is lightly damaged.
The crocodile zombie closely misses you.
Unknown command.
Casting: Sting (safe; 3% risk of failure)
Confirm with . or Enter, or press ? or * to list all spells.
Aiming: Sting (safe; 3% risk of failure)
Press: ? - help, Shift-Dir - straight line, f/p - crocodile zombie
Aim: a crocodile zombie (lightly damaged, 84% to hit)
The sting hits the crocodile zombie.
The crocodile zombie partially resists.
The crocodile zombie is lightly damaged.
The crocodile zombie bites you.
* * * LOW HITPOINT WARNING * * *
The crocodile zombie drags you backwards!
Unknown command.
Casting: Sting (safe; 3% risk of failure)
Confirm with . or Enter, or press ? or * to list all spells.
Aiming: Sting (safe; 3% risk of failure)
Press: ? - help, Shift-Dir - straight line, f/p - crocodile zombie
Aim: a crocodile zombie (lightly damaged, 84% to hit)
The sting hits the crocodile zombie.
The crocodile zombie is lightly damaged.
Unknown command.
Unknown command.
The crocodile zombie attacks as it pursues you!
The crocodile zombie bites you.
You die...

##+## #...#
#...# #...#
#...# ###Z#
#..@#
#...##### ###
#...#...#!!!!#
#...[.∩.#!)$!+
#∩..#...#!!!!#
######### ###


You could see a crocodile zombie.

Vanquished Creatures
  A water moccasin zombie (Ossuary)
  A burial acolyte (Ossuary)
  A bombardier beetle (D:4)
  A hound (D:4)
  3 gnolls (D:2)
  5 adders
  An adder zombie (Ossuary)
  3 dart slugs (D:1)
  A ribbon worm (D:2)
  3 orcs (D:3)
  5 endoplasms
  A giant cockroach (D:1)
  A gnoll zombie (Ossuary)
  8 goblins
  4 hobgoblins
  2 jackals (D:2)
  3 quokkas
  12 ball pythons
  2 bats
  A frilled lizard (D:2)
  A jackal zombie (Ossuary)
  3 kobolds
  2 orc zombies (Ossuary)
  3 rats
68 creatures vanquished.

Notes
Turn   | Place    | Note
-------+----------+-------------------------------------------
     0 | D:1      | greenreed the Spriggan Alchemist began the quest for the
                  | Orb.
     0 | D:1      | Reached XP level 1. HP: 9/9 MP: 5/5
    71 | D:1      | Reached skill level 3 in Spellcasting
   137 | D:1      | Reached XP level 2. HP: 13/13 MP: 4/7
   224 | D:1      | Reached skill level 1 in Conjurations
   565 | D:1      | Reached XP level 3. HP: 16/16 MP: 6/9
  1294 | D:2      | Reached skill level 4 in Spellcasting
  1294 | D:2      | Reached XP level 4. HP: 18/21 MP: 7/11
  1869 | D:2      | Learned a level 2 spell: Mercury Vapours
  2339 | D:3      | Reached XP level 5. HP: 24/24 MP: 9/12
  2681 | D:3      | Found a transporter.
  2681 | D:3      | Noticed adelrune's ghost (amateur CoHs)
  2684 | D:3      | Found a transporter.
  3060 | D:4      | Reached skill level 5 in Spellcasting
  3202 | D:4      | Found a sand-covered staircase.
  3209 | Ossuary  | Entered an ossuary
  3230 | Ossuary  | Reached XP level 6. HP: 28/28 MP: 6/15
  3404 | Ossuary  | HP: 1/28 [water moccasin zombie (2)]
  3424 | Ossuary  | Slain by a crocodile zombie

Illustrated notes

Levels and vault maps discovered:
D:1:      orjb1_clovarrival, layout_basic, chequers_serial_rivers_large_a,
          st_stairs_12, serial_bayou_pond_e
D:2:      layout_basic
D:3:      layout_basic, gammafunk_ghost_arena
D:4:      layout_rooms, chequers_ossuary_entry_cave, minivault_14,
          grunt_ministairs_3, uniq_edmund
Ossuary:  ossuary_tomb_2

Skill      XL: |  1  2  3  4  5 |
---------------+----------------+-----
Spellcasting   | 3 4 5 |  5.7
Dodging        | 3 4 |  4.6
Conjurations   | 1 2 |  2.1
Alchemy        | 4 |  4.6
Stealth        | |  3.0

Action                     |  1- 3 |  4- 6 || total
---------------------------+-------+-------++-------
  Melee: Dagger            |       |    58 ||    58
         Staff             |       |     3 ||     3
   Cast: Sting             |    50 |   105 ||   155
         Mercury Vapours   |       |     8 ||     8
    Use: Potion            |       |     1 ||     1
 Armour: Robe              |     5 |    36 ||    41
  Dodge: Dodged            |     3 |    84 ||    87

Table legend: (Time is in decaauts)
 A = Elapsed time spent in this place.
 B = Non-inter-level travel time spent in this place.
 C = Inter-level travel time spent in this place.
 D = Time resting spent in this place.
 E = Time spent auto-exploring this place.
 F = Levels seen in this place.
 G = Mean time per level.
                   A        B        C        D        E       F      G
               +--------+--------+--------+--------+--------+-----+--------+
         Total |   2628 |   2569 |     59 |    185 |   1876 |   5 |  525.6 |
       Dungeon |   2415 |   2356 |     59 |     86 |   1862 |   4 |  603.8 |
       Ossuary |    212 |    212 |      0 |     99 |     13 |   1 |  212.0 |
               +--------+--------+--------+--------+--------+-----+--------+

Top non-repeatable levels by time:
     D:1: 1067 daAuts
     D:2: 693 daAuts
     D:3: 539 daAuts
 Ossuary: 212 daAuts
     D:4: 116 daAuts
